 Dungeon Crawl Stone Soup version 0.24-a0-368-g0e0cebd0f3 (webtiles) character file.

Game seed: 13279202676642174983

2880 Ijustatesigmund the Epochal (level 9, -15/69 HPs)
             Began as an Octopode Fighter on May 29, 2019.
             Was an Elder of Cheibriados.
             Demolished by a death yak (25 damage)
             ... on level 8 of the Dungeon.
             The game lasted 00:15:38 (7130 turns).

Ijustatesigmund the Epochal (Octopode Fighter)      Turns: 7130, Time: 00:15:39

Health: -15/69     AC:  1    Str: 27    XL:     9   Next: 76%
Magic:  23/23      EV: 14    Int: 21    God:    Cheibriados [****..]
Gold:   130        SH: 19    Dex: 22    Spells: 8/8 levels left

rFire    . . .     SeeInvis +   a - +1 flail
rCold    . . .     Gourm    .   b - +2 large shield
rNeg     . . .     Faith    .   (helmet restricted)
rPois    +         Spirit   .   (no amulet)
rElec    +         Reflect  .   e - +2 ring of strength
rCorr    .         Harm     .   m - ring of magical power
MR       .....                  f - ring "Fidwas" {*Contam rElec rPois SInv}
Stlth    ++++......             (no ring)
HPRegen  0.21/turn              (no ring)
MPRegen  0.18/turn              (no ring)
                                (no ring)
                                (no ring)

@: flying, hasted
A: almost no armour, stealthy swim, amphibious, 8 rings, constrict 8, repulsion
field 1, camouflage 1, clumsy 1, robust 1, gelatinous body 1
a: Bend Time, Temporal Distortion, Slouch, Renounce Religion


You were on level 8 of the Dungeon.
You worshipped Cheibriados.
Cheibriados was greatly pleased with you.
You were not hungry.

You visited 1 branch of the dungeon, and saw 8 of its levels.

You collected 295 gold pieces.
You spent 165 gold pieces at shops.

Inventory:

Hand Weapons
 a - a +1 flail (weapon)
Armour
 b - a +2 large shield (worn)
Jewellery
 e - a +2 ring of strength (left tentacle)
 f - the ring "Fidwas" (on tentacle) {*Contam rElec rPois SInv}
   (You found it on level 8 of the Dungeon)

   [ring of see invisible]

   It insulates you from electricity.
   It protects you from poison.
   It lets you see invisible.
   It causes magical contamination when unequipped.
 m - a ring of magical power (right tentacle)
 p - an uncursed ring of protection from cold
Wands
 c - a wand of flame (2)
Potions
 h - a potion of magic
 i - a potion of ambrosia
 j - a potion of curing
 k - a potion of agility {unknown}
 l - a potion of resistance
 n - a potion of brilliance {unknown}
Comestibles
 d - 13 rations


   Skills:
 + Level 6.9 Fighting
 + Level 6.8 Maces & Flails
 + Level 3.6 Dodging
 - Level 4.2 Stealth
 + Level 6.5 Shields
 + Level 7.1 Invocations


You had 8 spell levels left.
You didn't know any spells.
Your spell library contained the following spells:

 Spells                   Type           Power        Failure   Level  Hunger
 Flame Tongue             Conj/Fire      #....        89%         1    ##.....
 Throw Flame              Conj/Fire      #.....       96%         2    ###....
 Conjure Flame            Conj/Fire      #.......     99%         3    ####...
 Inner Flame              Hex/Fire       #.......     99%         3    ####...
 Sticky Flame             Conj/Fire      #.......     100%        4    #####..
 Fireball                 Conj/Fire      #.........   100%        5    ######.


Dungeon Overview and Level Annotations

Branches:
Dungeon (8/15)             Temple (0/1) D:7
   Lair: D:8-11

Altars:
Ashenzari
Cheibriados
Hepliaklqana
Okawaru
Sif Muna
Trog
Uskayaw
Vehumet
Wu Jian
Xom
The Shining One

Shops:
D:7 *

Annotations:
D:4 3 runed translucent doors, Avack's ghost, amateur HOFE


Innate Abilities, Weirdness & Mutations

You cannot wear most types of armour.
You are very stealthy in the water. (Stealth+)
You are amphibious.
You can wear up to eight rings at the same time.
You can use your tentacles to constrict eight enemies at once.
Your skin changes colour to match your surroundings (Stealth+).
Your rubbery body absorbs attacks. (AC +1, EV +1)
You are surrounded by a mild repulsion field. (EV +2)
You are clumsy. (Dex -2)
You are robust. (+10% HP)


Message History

The death yak is lightly wounded.
You block the death yak's attack.
A death yak comes into view.
The death yak bellows!
You hit the death yak. You squeeze the death yak!
The death yak is lightly wounded.
The death yak gores you!! You block the death yak's attack.
You aren't carrying any scrolls.
It was a potion of mutation.
You feel extremely strange.
You feel clumsy.
You begin to radiate repulsive energy.
You feel robust.
A death yak comes into view.
The death yak gores you!!
* * * LOW HITPOINT WARNING * * *
The death yak bellows!
It was a potion of haste.
You feel yourself speed up.
Cheibriados forgives your accidental hurry, just this once.
You block the death yak's attack.
Found a stone staircase leading down.
The death yak gores you!!
You die...

...... #.## ... ...##.
#.######... ##.......#
#.......## ##
..#..#Y..## ..
#...##...# .#
##.....Y## #
##.....Y#####... ##
#.###...@....... ..#
#. ##.....#####
....###............#
...................#
................>...
.....................
.....................#
.....................#
.............


You could see 3 death yaks.

Vanquished Creatures
  A wyvern (D:8)
  A porcupine (D:8)
  A phantom (D:6)
  2 orc warriors
  A sky beast (D:6)
  3 ice beasts
  3 ogres (D:7)
  3 centaurs
  A wyvern zombie (D:6)
  2 bullfrogs
  6 killer bees
  4 scorpions
  2 jellies (D:7)
  A bullfrog skeleton (D:6)
  An orc priest (D:5)
  4 hounds
  3 orc wizards
  Terence (D:3)
  2 iguanas
  2 hell rats (D:8)
  A worker ant (D:6)
  3 hound skeletons
  A howler monkey zombie (D:7)
  11 adders
  6 gnolls (D:5)
  2 river rats (D:6)
  A shadow imp (D:5)
  An adder zombie (D:6)
  3 adder skeletons
  4 worms
  A dart slug (D:2)
  7 leopard geckos
  19 orcs
  5 giant cockroaches
  5 goblins
  5 hobgoblins
  7 jackals
  10 quokkas
  9 bats
  5 frilled lizards
  A jackal zombie (D:5)
  8 kobolds
  A leopard gecko skeleton (D:5)
  A quokka zombie (D:5)
  7 rats
168 creatures vanquished.

Vanquished Creatures (others)
  A goblin (D:2)
1 creature vanquished.

Grand Total: 169 creatures vanquished

Notes
Turn   | Place    | Note
-------+----------+-------------------------------------------
     0 | D:1      | Ijustatesigmund the Octopode Fighter began the quest for
                  | the Orb.
     0 | D:1      | Reached XP level 1. HP: 16/16 MP: 1/1
   210 | D:1      | Reached XP level 2. HP: 21/21 MP: 2/2
   568 | D:2      | Found a hide-covered altar of Uskayaw.
   571 | D:2      | Noticed a +0 dagger
   572 | D:2      | Noticed a -3 dagger
   582 | D:2      | Reached XP level 3. HP: 13/26 MP: 3/3
  1100 | D:2      | Found a snail-covered altar of Cheibriados.
  1114 | D:2      | Became a worshipper of Cheibriados the Contemplative
  1333 | D:2      | Found a radiant altar of Vehumet.
  1474 | D:2      | Reached XP level 4. HP: 32/32 MP: 4/4
  1698 | D:3      | Reached skill level 1 in Stealth
  1901 | D:3      | Reached skill level 1 in Invocations
  2050 | D:3      | Reached * piety under Cheibriados
  2081 | D:3      | Noticed an orc warrior
  2096 | D:3      | Killed an orc warrior
  2096 | D:3      | Reached skill level 2 in Invocations
  2096 | D:3      | Reached XP level 5. HP: 36/36 MP: 4/7
  2200 | D:3      | Noticed Terence
  2209 | D:3      | Killed Terence
  2209 | D:3      | Reached skill level 3 in Invocations
  2209 | D:3      | Reached XP level 6. HP: 30/42 MP: 8/8
  2576 | D:3      | Found a glowing golden altar of the Shining One.
  2697 | D:4      | Found a runed translucent gate.
  2698 | D:4      | Found a runed translucent gate.
  2699 | D:4      | Found a runed translucent gate.
  2777 | D:4      | Found a shattered altar of Ashenzari.
  2850 | D:4      | Found an ornate altar of the Wu Jian Council.
  2852 | D:4      | Found a shimmering altar of Xom.
  2852 | D:4      | Found an iron altar of Okawaru.
  2854 | D:4      | Found an iron altar of Okawaru.
  2854 | D:4      | Found a deep blue altar of Sif Muna.
  2854 | D:4      | Found a basalt altar of Yredelemnul.
  2923 | D:4      | Noticed Avack's ghost (amateur HOFE)
  3247 | D:4      | Found a bloodstained altar of Trog.
  3434 | D:5      | Entered Level 5 of the Dungeon
  3483 | D:5      | Found a hazy altar of Hepliaklqana.
  3519 | D:5      | Reached ** piety under Cheibriados
  3536 | D:5      | Reached XP level 7. HP: 44/48 MP: 9/9
  3730 | D:5      | Reached skill level 4 in Invocations
  3768 | D:5      | Found an iron altar of Okawaru.
  4643 | D:6      | Reached XP level 8. HP: 54/54 MP: 11/11
  4733 | D:6      | Reached skill level 5 in Fighting
  4733 | D:6      | Reached skill level 5 in Maces & Flails
  4821 | D:6      | Reached skill level 5 in Invocations
  4891 | D:6      | Reached *** piety under Cheibriados
  5255 | D:6      | Reached skill level 5 in Shields
  5636 | D:7      | Found a staircase to the Ecumenical Temple.
  5797 | D:7      | Reached skill level 6 in Invocations
  5803 | D:7      | Reached XP level 9. HP: 60/62 MP: 13/13
  6052 | D:7      | Found Apio's Assorted Antiques.
  6057 | D:7      | Bought a scroll labeled FIOCSU WUCA for 24 gold pieces
  6057 | D:7      | Bought a purple potion for 21 gold pieces
  6057 | D:7      | Bought a tubular garnet ring for 120 gold pieces
  6247 | D:7      | Found an ornate altar of the Wu Jian Council.
  6252 | D:7      | Reached **** piety under Cheibriados
  6492 | D:8      | Got a flickering granite ring
  6493 | D:8      | Identified the ring "Fidwas" {*Contam rElec rPois SInv}
                  | (You found it on level 8 of the Dungeon)
  6671 | D:8      | Reached skill level 7 in Invocations
  7113 | D:8      | Noticed a death yak
  7120 | D:8      | Noticed a death yak
  7122 | D:8      | Gained mutation: You are clumsy. (Dex -2) [potion of
                  | mutation]
  7122 | D:8      | Gained mutation: You are surrounded by a mild repulsion
                  | field. (EV +2) [potion of mutation]
  7122 | D:8      | Gained mutation: You are robust. (+10% HP) [potion of
                  | mutation]
  7122 | D:8      | Noticed a death yak
  7130 | D:8      | Demolished by a death yak

Levels and vault maps discovered:
D:1:      dpeg_arrival_stone_temple_mockup, layout_basic
D:2:      layout_basic, kennysheep_slug_shrine, fiery_altar_vehumet,
          dancing_weapons_uskayaw, hex_medium, kennysheep_boxes
D:3:      layout_basic, tso_oasis_becter, serial_glass, glass_columns_b,
          glass_columns_c, uniq_terence
D:4:      layout_loops_cross, bloody_trog, doesnt_xom_only_xom,
          ashenzari_conservatory_becter, gammafunk_ghost_split
D:5:      layout_basic, okawaru_trees_1, basic_altar, first_ration
D:6:      minmay_evil_eye, layout_gridville, gup_sewer_entry_bubbles
D:7:      layout_cave_pools, old_standard_altar,
          minmay_temple_entry_drinking_statues, serial_shops, shop,
          grunt_ogre_cave
D:8:      layout_layer_cave, dpeg_lair_monsters, gammafunk_ghost_mausoleum

Skill      XL: |  1  2  3  4  5  6  7  8  9 |
---------------+----------------------------+-----
Maces & Flails | 3 4 5 6 |  6.8
Stealth        | 3 4 |  4.2
Invocations    | 2 3 4 6 7 |  7.1
Fighting       | 4 6 |  6.9
Shields        | 4 5 6 |  6.5
Dodging        | |  3.6

Action                   |  1- 3 |  4- 6 |  7- 9 || total
-------------------------+-------+-------+-------++-------
Melee: Flail             |    67 |    99 |   199 ||   365
       Constrict         |    20 |    28 |    47 ||    95
       Tentacles         |     9 |    17 |    81 ||   107
Evoke: Wand              |       |       |    17 ||    17
  Use: Scroll            |     3 |     6 |     9 ||    18
       Potion            |     1 |     1 |     8 ||    10
 Stab: Sleeping          |     6 |     7 |    13 ||    26
       Distracted        |     1 |       |     1 ||     2
  Eat: Chunk             |     1 |     5 |     6 ||    12
Armor: Skin              |    13 |     5 |     5 ||    23
Dodge: Dodged            |    49 |    31 |    51 ||   131
Block: Shield            |    41 |       |       ||    41
       Large shield      |       |    82 |   163 ||   245

Table legend:
 A = Non-vault XP
 B = Vault XP
 C = Vault XP percentage of total XP
 D = Non-vault monster count
 E = Vault monster count
 F = Vault count percentage of total count
                 A         B        C        D         E       F
            +---------+---------+-------+---------+---------+-------
      Total |    3641 |     474 |  11.5 |     148 |      20 |  11.9
            +---------+---------+-------+---------+---------+-------
        D:1 |      16 |       0 |   0.0 |      12 |       0 |   0.0
        D:2 |      68 |       4 |   5.6 |      23 |       1 |   4.2
        D:3 |     212 |      36 |  14.5 |      27 |       1 |   3.6
        D:4 |     230 |       0 |   0.0 |      16 |       0 |   0.0
        D:5 |     449 |       0 |   0.0 |      26 |       0 |   0.0
        D:6 |     973 |      99 |   9.2 |      15 |       9 |  37.5
        D:7 |     868 |     122 |  12.3 |      18 |       1 |   5.3
        D:8 |     825 |     213 |  20.5 |      11 |       8 |  42.1
            +---------+---------+-------+---------+---------+-------
